 Dungeon Crawl Stone Soup version 0.17-a0-1508-ge7f3dc3 (webtiles) character file.

868 Redz the Cudgeler (level 8, -2/71 HPs)
             Began as an Ogre Ice Elementalist on July 9, 2015.
             Killed from afar by a steam dragon (7 damage)
             ... with a ball of steam
             ... on level 5 of the Dungeon.
             The game lasted 00:25:51 (5316 turns).

Redz the Cudgeler (Ogre Ice Elementalist)           Turns: 5316, Time: 00:25:51

Health: -2/71      AC:  9    Str: 14    XL:     8   Next: 3%
Magic:  14/14      EV: 10    Int: 21    God:
Gold:   171        SH:  0    Dex:  8    Spells: 4 memorised, 5 levels left

rFire  + . .     SeeInvis .     d - +0 flail (protect)
rCold  . . .     Clarity  +     m - +1 robe {rF+}
rNeg   . . .     SustAt   +     (no shield)
rPois  .         Gourm    .     (helmet restricted)
rElec  .         Spirit   .     (no cloak)
rCorr  .         Warding  .     (gloves unavailable)
rMut   .         Stasis   .     (boots unavailable)
MR     .....                    (no amulet)
Stlth  +.........               j - ring of sustain attributes
                                t - +5 ring of intelligence

@: not resistant to hostile enchantments, very unstealthy
A: unfitting armour, clarity, clumsy 1, frail 1, tough skin 1
a: no special abilities


You were on level 5 of the Dungeon.
You were hungry.

You visited 1 branch of the dungeon, and saw 5 of its levels.

You collected 301 gold pieces.
You spent 130 gold pieces at shops.

Inventory:

Hand weapons
 d - a +0 flail of protection (weapon)
 u - a +0 giant spiked club
Armour
 m - a +1 robe of fire resistance (worn)
Jewellery
 j - a ring of sustain attributes (right hand)
 t - a +5 ring of intelligence (left hand)
Magical devices
 q - a wand of paralysis (11)
Scrolls
 i - 4 scrolls of teleportation
 k - 2 scrolls of remove curse
 l - a scroll of identify
 s - a scroll of fog
Potions
 e - 2 potions of degeneration {unknown}
 f - 2 potions of curing
 n - a potion of flight
Books
 b - a book of Frost

   Spells                             Type                      Level
   a - Freeze                         Ice                          1
   b - Throw Frost                    Conjuration/Ice              2
   c - Ozocubu's Armour               Charms/Ice                   3
   d - Throw Icicle                   Conjuration/Ice              4
   e - Summon Ice Beast               Ice/Summoning                4
   f - Condensation Shield            Ice                          4
Comestibles
 a - 2 meat rations
 c - 3 bread rations
 g - 3 royal jellies
 o - 2 slices of pizza
 v - 10 chunks of flesh


   Skills:
 + Level 4.7 Fighting
 + Level 5.3 Maces & Flails
 + Level 3.3 Dodging
 - Level 2.0 Stealth
 + Level 4.1 Spellcasting
 - Level 0.6 Conjurations
 * Level 4.1 Ice Magic


You had 5 spell levels left.
You knew the following spells:

 Your Spells              Type           Power        Failure   Level  Hunger
a - Freeze                Ice            ###.         1%          1    None
b - Throw Frost           Conj/Ice       ##....       10%         2    #......
c - Ozocubu's Armour      Chrm/Ice       ##......     17%         3    ###....
d - Condensation Shield   Ice            ###.......   24%         4    ####...


Dungeon Overview and Level Annotations

Branches:
Dungeon (5/15)
 Temple: D:4-7

Altars:
Ashenzari
Gozag
Makhleb
Xom
The Shining One

Shops:
D:4 }

Annotations:
D:5 Ebilmort's ghost, experienced DEWz


Innate Abilities, Weirdness & Mutations

You are too large for most types of armour.
You have tough skin (AC +1).
You possess an exceptional clarity of mind.
You are clumsy. (Dex -2)
You are frail (-10% HP).


Message History

The ogre is moderately wounded.
The ogre hits you with a giant club!
You thump the ogre!
The ogre is severely wounded.
The ogre hits you with a giant club!!
* * * LOW HITPOINT WARNING * * *
The centaur shoots an arrow.
The arrow hits you!
* * * LOW HITPOINT WARNING * * *
You see here an arrow.
An ogre opens the door.
The centaur shoots an arrow.
The arrow hits you but does no damage.
The centaur shoots an arrow.
The arrow hits you but does no damage.
You see here 2 arrows.
The centaur shoots an arrow.
The arrow closely misses you.
You see here an arrow.
The centaur shoots an arrow.
The arrow hits you!
* * * LOW HITPOINT WARNING * * *
The steam dragon breathes steam at you. The ball of steam hits you! You resist.
You die...

..#...#.....##..#.....#
.W'._.W......#..#.....#
#+####...#........###....#
+....#.# #.......##.##...# #..# #
#......##...##..##
#+##+##..#######+#...##.....##..#
...'..W.............##.......##..
'###.##...........### ..._... ###
#+##'###.....@§O.##.......##..
...##..##..###+#§..##.....'#..#
........'...##..#....##...##..##
##+####+##<.....#...D(## ##.....
#......+...#.(###....##
#.###.##...##Z.#.....# #'#
'#.....#'.#.....# '.#
.'.....'.(......# .#.'
..#.....#........#


You could see an ogre.

Vanquished Creatures
  An ogre (D:4)
  A centaur (D:4)
  2 hounds
  5 giant frog zombies (D:5)
  2 giant frog skeletons (D:5)
  2 orc priests (D:4)
  An orc wizard (D:5)
  Natasha (thrice) (D:4)
  A hound skeleton (D:5)
  3 worker ant zombies (D:5)
  11 adders
  8 gnolls
  An ooze (D:3)
  An adder zombie (D:5)
  4 worms (D:3)
  An adder skeleton (D:5)
  2 giant geckos
  10 orcs
  3 ball pythons
  7 bats
  13 hobgoblins
  9 kobolds
  2 quokkas
  2 giant cockroaches
  A giant gecko skeleton (D:4)
  A giant newt (D:3)
  6 goblins
  A quokka zombie (D:5)
  8 rats
112 creatures vanquished.

Vanquished Creatures (others)
  A plant (D:4)
1 creature vanquished.

Grand Total: 113 creatures vanquished

Notes
Turn   | Place    | Note
--------------------------------------------------------------
     0 | D:1      | Redz the Ogre Ice Elementalist began the quest for the Orb.
     0 | D:1      | Reached XP level 1. HP: 16/16 MP: 3/3
   370 | D:1      | Reached XP level 2. HP: 13/26 MP: 2/5
   726 | D:1      | Reached skill level 1 in Fighting
  1005 | D:2      | Reached skill level 1 in Maces & Flails
  1005 | D:2      | Reached XP level 3. HP: 20/35 MP: 1/6
  1550 | D:2      | Reached XP level 4. HP: 28/42 MP: 3/7
  1678 | D:1      | Learned a level 2 spell: Throw Frost
  1682 | D:1      | Learned a level 3 spell: Ozocubu's Armour
  2450 | D:3      | Reached skill level 3 in Maces & Flails
  2450 | D:3      | Reached XP level 5. HP: 43/50 MP: 8/8
  3194 | D:3      | Found a shattered altar of Ashenzari.
  3449 | D:3      | Found a glowing golden altar of the Shining One.
  3459 | D:3      | Found an opulent altar of Gozag.
  3710 | D:4      | Reached XP level 6. HP: 48/61 MP: 4/10
  3975 | D:4      | Noticed Natasha
  3985 | D:4      | Killed Natasha
  4000 | D:4      | Found a burning altar of Makhleb.
  4189 | D:4      | Reached skill level 4 in Maces & Flails
  4211 | D:4      | Found Beak's Gadget Emporium.
  4218 | D:4      | Bought a wand of paralysis (11) for 130 gold pieces
  4595 | D:5      | Entered Level 5 of the Dungeon
  4606 | D:5      | Noticed Ebilmort's ghost (experienced DEWz)
  4652 | D:4      | Noticed a centaur
  4665 | D:4      | Killed a centaur
  4665 | D:4      | Reached XP level 7. HP: 37/68 MP: 9/12
  4980 | D:5      | Reached skill level 5 in Maces & Flails
  5052 | D:4      | Learned a level 4 spell: Condensation Shield
  5153 | D:4      | Noticed Natasha
  5159 | D:4      | Killed Natasha
  5205 | D:4      | Noticed Natasha
  5211 | D:4      | Killed Natasha
  5233 | D:5      | Found a glowing golden altar of the Shining One.
  5237 | D:5      | Reached XP level 8. HP: 63/79 MP: 14/14
  5242 | D:5      | Gained mutation: You are frail (-10% HP). [potion of mutation]
  5242 | D:5      | Gained mutation: You are clumsy. (Dex -2) [potion of mutation]
  5242 | D:5      | Gained mutation: You possess an exceptional clarity of mind. [potion of mutation]
  5250 | D:5      | Found a shimmering altar of Xom.
  5285 | D:5      | Noticed a steam dragon
  5316 | D:5      | Killed from afar by a steam dragon

Vault maps used:
D:1:      minmay_arrival_five_plusses, serial_co_window_serial,
          co_window_corner_a, co_window_of_opportunity_a, co_window_corner_a,
          co_window_corner_a, co_window_cross_1, co_window_2corner,
          co_window_2corner, co_window_2corner, co_window_unsneaky_path_b,
          co_window_corner_ca, co_window_unsneaky_path_b, co_window_paths_e,
          glass_columns_a, minmay_statues_item
D:2:      hex_large
D:3:      nicolae_overflow_hidden_temple, nicolae_ashenzari_panopticon,
          first_bread, kennysheep_generic_room_5
D:4:      overflow_temple_1_default, serial_shops, nicolae_shop_crystal,
          serial_bayou_lake_a, uniq_natasha
D:5:      led_xom_imps, enter_ossuary_3, serial_undead, serial_undead_d,
          serial_undead_f, serial_undead_d, serial_undead_c, serial_undead_b,
          serial_undead_a, serial_undead_b, serial_undead_a, tso_metal_star

Action                   |  1- 3 |  4- 6 |  7- 9 || total
-------------------------+-------+-------+-------++-------
Melee: Unarmed           |     6 |       |       ||     6
       Club              |    41 |    83 |       ||   124
       Flail             |       |    47 |   114 ||   161
 Cast: Freeze            |    46 |   102 |    10 ||   158
       Throw Frost       |       |     4 |     4 ||     8
  Use: Scroll            |       |    10 |     1 ||    11
       Potion            |       |     4 |     2 ||     6
 Stab: Sleeping          |     2 |     2 |       ||     4
  Eat: Chunk             |     2 |    11 |     2 ||    15
